Map: Proxima Station LE

Players

HEMORRHOIDS - Winner!

  • Race: Protoss Protoss
  • League: Diamond
  • Spawn Location: 7:00

DarkKenny

  • Race: Terran Terran
  • League: Master
  • Spawn Location: 1:00

VOD

Have the link to the VOD?

Description

Time

  • Played on: June 17, 2017, 12:54 p.m.
  • Length: 13:22
Show
View Real Time Build Order
Export as new Build Order

HEMORRHOIDS Protoss - Winner!

Build Orders: 1 Gate Expand 

Get SALT Encoding   

  12  0:01  Probe (Chrono Boost)  
  13  0:11  Probe (Chrono Boost)  
  14  0:21  Pylon  
  14  0:22  Probe (Chrono Boost)  
  15  0:39  Gateway, Probe (Chrono Boost)  
  16  0:49  Assimilator  
  16  0:50  Probe (Chrono Boost)  
  17  1:00  Probe (Chrono Boost)  
  19  1:11  Probe (Chrono Boost)  
  19  1:26  Nexus  
  20  1:40  Probe (Chrono Boost)  
  20  1:44  Cybernetics Core  
  20  1:58  Pylon  
  20  2:08  Forge  
  20  2:12  Pylon  
  20  2:20  Pylon  
  20  2:26  Pylon  
  19  2:37  Pylon  
  19  2:39  Mothership Core (Chrono Boost)  
  21  2:58  Probe (Chrono Boost)  
  22  3:09  Photon Cannon  
  22  3:11  Photon Cannon x2  
  19  3:28  Mothership Core (Chrono Boost)  
  21  3:42  Probe (Chrono Boost)  
  21  3:46  Probe (Chrono Boost)  
  22  4:02  Pylon  
  21  4:10  Probe (Chrono Boost)  
  21  4:12  Assimilator  
  22  4:29  Stargate  
  22  4:33  Stargate  
  22  4:50  Probe (Chrono Boost)  
  23  5:21  Pylon  
  23  5:30  Pylon  
  23  5:39  Probe (Chrono Boost)  
  23  5:40  Photon Cannon  
  23  5:41  Photon Cannon  
  24  5:48  Photon Cannon  
  24  5:50  Void Ray x2  
  32  6:14  Pylon  
  32  6:20  Pylon  
  30  6:33  Void Ray  
  34  6:46  Void Ray  
  34  6:53  Probe (Chrono Boost)  
  39  6:55  Photon Cannon  
  39  7:06  Mothership Core (Chrono Boost)  
  41  7:14  Nexus  
  41  7:25  Pylon  
  41  7:48  Void Ray  
  41  7:49  Void Ray  
  50  8:06  Probe (Chrono Boost)  
  50  8:18  Probe (Chrono Boost)  
  51  8:48  Void Ray  
  51  8:52  Void Ray  
  58  9:15  Pylon  
  58  9:17  Pylon, Probe (Chrono Boost)  
  59  9:26  Assimilator  
  59  9:28  Assimilator, Probe (Chrono Boost)  
  60  9:39  Probe (Chrono Boost)  
  65  9:49  Phoenix  
  61  9:52  Phoenix  
  64  10:11  Phoenix  
  64  10:17  Phoenix  
  68  10:32  Phoenix  
  53  11:16  Void Ray  
  47  11:22  Void Ray  
  50  11:47  Probe (Chrono Boost)  
  50  11:53  Photon Cannon  
  49  11:54  Photon Cannon  
  49  11:57  Photon Cannon  
  49  11:58  Probe (Chrono Boost)  
  50  12:08  Probe (Chrono Boost)  
  51  12:19  Probe (Chrono Boost)  
  53  12:24  Probe (Chrono Boost)  
  53  12:36  Probe (Chrono Boost)  
  54  12:48  Probe (Chrono Boost)  
Show
View Real Time Build Order
Export as new Build Order

DarkKenny Terran 

Build Orders: Cyclone Opening 

Get SALT Encoding   

  12  0:00  SCV  
  13  0:12  SCV  
  14  0:18  Supply Depot  
  14  0:25  SCV  
  15  0:40  SCV  
  15  0:41  Barracks  
  16  0:45  Refinery  
  16  0:52  SCV  
  17  1:04  SCV  
  18  1:17  SCV  
  19  1:28  Marine  
  19  1:30  Orbital Command  
  20  1:44  Factory  
  20  1:51  Bunker  
  20  1:52  Supply Depot  
  20  1:56  SCV  
  20  1:58  Marine  
  22  2:04  Refinery  
  22  2:09  SCV  
  23  2:18  Marine  
  24  2:27  Supply Depot  
  24  2:33  Cyclone  
  27  2:42  SCV  
  28  2:46  Marine  
  27  3:06  Cyclone  
  29  3:33  Marine  
  29  3:55  Cyclone  
  31  3:57  SCV  
  32  4:06  Supply Depot  
  32  4:08  Supply Depot  
  32  4:28  SCV  
  33  4:40  SCV  
  33  4:41  Cyclone, Marine  
  38  4:46  Command Center  
  38  4:52  SCV  
  38  4:56  Engineering Bay  
  38  5:02  Supply Depot  
  38  5:03  Starport  
  37  5:15  Marine  
  38  5:23  SCV  
  38  5:24  Cyclone  
  38  5:26  Supply Depot  
  38  5:28  Missile Turret  
  42  5:34  Marine  
  43  5:48  Command Center  
  43  6:05  SCV  
  43  6:08  Viking  
  43  6:09  Cyclone, Marine  
  50  6:28  SCV  
  50  6:29  Marine  
  52  6:40  SCV  
  47  6:52  SCV  
  48  6:54  Factory Tech Lab  
  48  6:56  Barracks Reactor  
  48  6:57  Starport Tech Lab  
  48  7:02  Orbital Command  
  48  7:04  SCV  
  48  7:07  Armory  
  49  7:13  Siege Tank  
  52  7:16  SCV  
  53  7:41  Orbital Command  
  53  7:45  Factory  
  53  7:50  Viking x2  
  53  7:51  SCV  
  58  8:02  Refinery x2  
  58  8:03  SCV  
  59  8:08  Command Center  
  59  8:11  SCV  
  60  8:15  SCV  
  61  8:32  Viking x2  
  36  9:02  Viking x2  
  40  9:14  Hellion x2  
  44  9:17  Terran Ship Weapons Level 1  
  44  9:20  SCV  
  45  9:36  Viking x2  
  49  9:39  SCV  
  50  9:51  SCV  
  49  10:03  Orbital Command  
  49  10:06  Missile Turret  
  49  10:11  Widow Mine x2  
  45  10:27  Viking x2  
  29  11:20  Widow Mine x2, Viking x2  
  20  12:00  Viking  
  22  12:01  Command Center  
Tags
 
Add a new tag
Caveats
  • Supply blocks, unpowered buildings, or Contaminate may cause inaccurate times.
  • Supply counts are checked every 10 seconds.